 Dungeon Crawl Stone Soup version 0.31-a0-202-g547052bce9 (webtiles) character file.

Game seed: 17995254858971650515

1406 qw the Skirmisher (level 8, -1/46 HPs)
             Began as a Deep Elf Hunter on June 26, 2023.
             Was a Follower of Okawaru.
             Slain by an orc warrior
             ... wielding a +0 battleaxe
              (3 damage)
             ... on level 7 of the Dungeon.
             The game lasted 00:02:21 (6018 turns).

qw the Skirmisher (Deep Elf Hunter)                 Turns: 6018, Time: 00:02:22

Health: -1/46      AC:  6    Str:  9    XL:     8   Next: 42%
Magic:  8/10       EV: 14    Int: 19    God:    Okawaru [*.....]
Gold:   344        SH:  0    Dex: 17    Spells: 7/7 levels left

rFire   + . .        Y - +0 shortbow
rCold   + . .        (shield currently unavailable)
rNeg    . . .        f - +0 ring mail
rPois   +            (no helmet)
rElec   .            j - scarf {repulsion}
rCorr   .            (no gloves)
SInv    .            (no boots)
Will    .....        g - amulet of regeneration
Stlth   +++          m - ring of protection from cold
HPRegen 1.07/turn    (no ring)
MPRegen 0.12/turn

%: repel missiles
@: heroic
A: clever 1, fire resistance 1, poison resistance
a: Renounce Religion, Heroism


You were on level 7 of the Dungeon.
You worshipped Okawaru.
Okawaru was aware of your devotion.
You visited 2 branches of the dungeon, and saw 8 of its levels.

You collected 344 gold pieces.


Innate Abilities, Weirdness & Mutations

Your mind is acute. (Int +4, Str/Dex -1)
Your flesh is heat resistant. (rF+)
Your system is resistant to poisons. (rPois)


   Skills:
 - Level 3.0(8.0) Fighting
 - Level 13.4(18.4) Ranged Weapons
 - Level 1.2(6.2) Armour
 + Level 3.0(8.0) Dodging
 - Level 1.2(6.2) Stealth
 + Level 0.0 Invocations


You had 7 spell levels left.
You didn't know any spells.
Your spell library was empty.

Inventory:

Hand Weapons
 Y - a +0 shortbow (weapon)
Armour
 c - a +0 cloak
 f - a +0 ring mail (worn)
 j - a scarf of repulsion (worn)
 l - +0 acid dragon scales
Jewellery
 g - an amulet of regeneration (around neck)
 m - a ring of protection from cold (left hand)
Scrolls
 h - a scroll of identify
 i - 2 scrolls of amnesia {unknown}
Potions
 a - a potion of haste
 b - a potion of enlightenment
 d - a potion of resistance {unknown}
 e - a potion of mutation
 k - a potion of might
 o - a potion of curing {unknown}

Dungeon Overview and Level Annotations

Branches:
Dungeon (7/15)             Temple (1/1) D:5

Altars:
Ashenzari
Cheibriados
Dithmenos
Elyvilon
Fedhas
Gozag
Nemelex Xobeh
Okawaru
Ru
Sif Muna
Trog
Uskayaw
Vehumet
Wu Jian
Xom
Yredelemnul
Zin

Shops:
D:1 [


Message History

You kill the orc!
Okawaru accepts your kill.
The orc warrior hits you but does no damage.
You shoot an arrow.
The arrow closely misses the orc warrior.
The arrow hits the scorpion.
The scorpion is moderately wounded.
The orc barely misses you. The orc warrior closely misses you.
You shoot an arrow. The arrow hits the orc warrior!
The orc warrior is almost dead.
The orc closely misses you. The orc warrior misses you.
You shoot an arrow.
The arrow closely misses the orc warrior.
The arrow hits the scorpion.
The scorpion is heavily wounded.
The orc warrior closely misses you. The orc hits you but does no damage.
You shoot an arrow. The arrow hits the orc warrior.
The orc warrior is almost dead.
The orc hits you with a +2 whip of electrocution.
The orc warrior hits you with a +0 battleaxe!
You shoot an arrow.
The arrow barely misses the orc warrior.
The arrow hits the scorpion.
The scorpion is heavily wounded.
You shoot an arrow.
The arrow barely misses the orc warrior.
The arrow hits the scorpion but does no damage.
The scorpion is heavily wounded.
The orc hits you but does no damage.
You are electrocuted!!
The orc warrior hits you but does no damage.
You shoot an arrow.
The arrow hits the orc warrior but does no damage.
The orc warrior is almost dead.
The orc warrior barely misses you.
You shoot an arrow.
The arrow hits the orc warrior but does no damage.
The orc warrior is almost dead.
The orc hits you with a +0 mace.
The orc warrior hits you with a +0 battleaxe.
You die...

.. ... #.. ..# ##
#.#####)# .. #.#...[.#
.# #.#.....# .#
#.#....)### ##.#
#.#.......# #..
.........)######o##
#.###........!so@o#
#.#........##..##.#
#.........<.....#.#
###...#######.#.#.#
........... ..#.#
.#..#.....#######.####
.....................#
..#...######.........#
....#.# #.........#


You could see an orc warrior, a scorpion and 2 orcs.

Vanquished Creatures
  Maggie (D:7)
  2 sky beasts
  An ice beast (D:6)
  A phantom (D:6)
  A bullfrog (D:6)
  2 scorpions
  2 hounds (D:6)
  An orc priest (D:6)
  2 gnoll boudas
  2 jellies
  A sleepcap (D:5)
  3 iguanas (D:5)
  10 gnolls
  7 adders
  An ufetubus (D:5)
  3 worms
  3 dart slugs
  7 orcs
  3 endoplasms
  6 giant cockroaches
  9 hobgoblins
  13 jackals
  6 quokkas
  7 ball pythons
  9 bats
  4 frilled lizards
  7 goblins
  13 kobolds
  2 rats (D:3)
129 creatures vanquished.

Notes
Turn   | Place    | Note
-------+----------+-------------------------------------------
     0 | D:1      | qw the Deep Elf Hunter began the quest for the Orb.
     0 | D:1      | Reached XP level 1. HP: 12/12 MP: 3/3
     0 | D:1      | 0 ||| qw: Version: 0.3-a-22-g0ed2b0b
     0 | D:1      | 0 ||| qw: Game counter: 6268
     0 | D:1      | 0 ||| qw: Melee chars always use a shield: true
     0 | D:1      | 0 ||| qw: God list: Okawaru
     0 | D:1      | 0 ||| qw: Allow faded altars: false
     0 | D:1      | 0 ||| qw: Do Orc after clearing Dungeon:15 true
     0 | D:1      | 0 ||| qw: Do second Lair branch before Depths: true
     0 | D:1      | 0 ||| qw: Lair rune preference: random
     0 | D:1      | 0 ||| qw: Goals: Normal
     0 | D:1      | 0 ||| PLANNING D:1-11
    56 | D:1      | Found Ziru's Antique Armour Boutique.
    64 | D:1      | 64 ||| SHOPLISTING dyed leather armour (85 gold, have 20).
    64 | D:1      | 64 ||| SHOPLISTING masterwork scale mail (153 gold, have
                  | 20).
    64 | D:1      | 64 ||| SHOPLISTING pair of embroidered boots (127 gold,
                  | have 20).
    64 | D:1      | 64 ||| SHOPLISTING pair of gloves (76 gold, have 20).
    64 | D:1      | 64 ||| SHOPLISTING ring mail (68 gold, have 20).
    64 | D:1      | 64 ||| SHOPLISTING runed scale mail (119 gold, have 20).
    64 | D:1      | 64 ||| SHOPLISTING scale mail (68 gold, have 20).
   105 | D:1      | Reached XP level 2. HP: 16/16 MP: 4/4
   107 | D:1      | Reached skill level 6 in Ranged Weapons
   540 | D:1      | Reached XP level 3. HP: 20/20 MP: 5/5
   815 | D:1      | 815 ||| UPGRADING to +0 ring mail.
   825 | D:1      | 825 ||| DROPPING +0 leather armour.
   826 | D:1      | 826 ||| UPGRADING to scarf of repulsion.
   831 | D:1      | 831 ||| READING scroll labelled PIBBE OLAORI.
   832 | D:1      | 832 ||| READING scroll labelled WOTIMMODURGH.
   833 | D:1      | 833 ||| READING scroll labelled XENOSU UZESCHAPN.
   834 | D:1      | 834 ||| DRINKING 2 bubbling black potions.
   835 | D:1      | 835 ||| DROPPING scroll of butterflies.
   865 | D:2      | 865 ||| STAIRDANCE
   984 | D:2      | Reached skill level 7 in Ranged Weapons
  1543 | D:2      | Reached XP level 4. HP: 25/25 MP: 6/6
  1719 | D:2      | 1719 ||| READING scroll labelled TEYMAR WEHOCW.
  2244 | D:3      | Reached skill level 8 in Ranged Weapons
  2655 | D:3      | 2655 ||| UPGRADING to amulet of regeneration.
  2660 | D:3      | 2660 ||| UPGRADING to ring of protection from cold.
  2661 | D:3      | 2661 ||| READING 2 scrolls labelled DATUPO GITROIBB.
  2666 | D:3      | 2666 ||| READING scroll labelled ZIUSI RINT.
  2691 | D:4      | 2691 ||| STAIRDANCE
  2787 | D:4      | Found a snail-covered altar of Cheibriados.
  3122 | D:4      | Reached XP level 5. HP: 29/29 MP: 7/7
  3228 | D:4      | 3228 ||| DRINKING 2 blue potions.
  3256 | D:4      | 3256 ||| DRINKING 2 murky golden potions.
  3257 | D:4      | 3257 ||| DROPPING potion of lignification.
  3258 | D:4      | 3258 ||| DROPPING potion of degeneration.
  3269 | D:5      | Entered Level 5 of the Dungeon
  3324 | D:5      | Reached skill level 9 in Ranged Weapons
  3362 | D:5      | HP: 7/30 [gnoll/+0 whip (2)]
  3363 | D:5      | 3363 ||| READING 2 scrolls of teleportation.
  3363 | D:5      | HP: 2/30 [gnoll/+0 flail (6)]
  3364 | D:5      | 3364 ||| DRINKING 2 potions of heal wounds.
  3365 | D:5      | Found an ornate altar of the Wu Jian Council.
  3444 | D:5      | Found a blossoming altar of Fedhas.
  3445 | D:5      | Found a sparkling altar of Nemelex Xobeh.
  3714 | D:5      | HP: 7/30 [gnoll/+0 spear[a gnoll bouda] (2)]
  3715 | D:5      | 3715 ||| READING scroll of teleportation.
  3716 | D:5      | 3716 ||| DRINKING 2 potions of heal wounds.
  3784 | D:5      | HP: 6/30 [gnoll/+0 spear[a gnoll bouda] (3)]
  3785 | D:5      | 3785 ||| DRINKING potion of heal wounds.
  3790 | D:5      | Reached XP level 6. HP: 12/35 MP: 8/8
  3880 | D:5      | Reached skill level 10 in Ranged Weapons
  3896 | D:5      | Found a staircase to the Ecumenical Temple.
  3897 | D:5      | 3897 ||| PLANNING TEMPLE
  3897 | D:5      | 3897 ||| DROPPING +6 ring of intelligence.
  3898 | D:5      | 3898 ||| READING 2 scrolls of identify.
  3898 | D:5      | 3898 ||| IDENTIFYING amethyst potion
  3920 | D:5      | Reached skill level 3 in Dodging
  3926 | Temple   | Entered the Ecumenical Temple
  4114 | Temple   | 4114 ||| PLANNING OKAWARU WORSHIP
  4139 | Temple   | Became a worshipper of Warmaster Okawaru
  4140 | Temple   | 4140 ||| PLANNING D:1-11
  4798 | D:5      | 4798 ||| DRINKING 2 fizzy inky potions.
  4798 | D:5      | Gained mutation: Your flesh is heat resistant. (rF+)
                  | [potion of mutation]
  4798 | D:5      | Gained mutation: Your mind is acute. (Int +4, Str/Dex -1)
                  | [potion of mutation]
  4798 | D:5      | Gained mutation: Your system is resistant to poisons.
                  | (rPois) [potion of mutation]
  5003 | D:6      | Reached XP level 7. HP: 25/40 MP: 9/9
  5058 | D:6      | Reached skill level 11 in Ranged Weapons
  5108 | D:6      | Reached skill level 1 in Armour
  5120 | D:6      | Reached * piety under Okawaru
  5186 | D:6      | 5186 ||| INVOKING Heroism.
  5228 | D:6      | 5228 ||| INVOKING Heroism.
  5231 | D:6      | Reached skill level 12 in Ranged Weapons
  5725 | D:6      | 5725 ||| INVOKING Heroism.
  5733 | D:6      | Reached skill level 3 in Fighting
  5780 | D:6      | 5780 ||| READING 4 scrolls of identify.
  5780 | D:6      | 5780 ||| IDENTIFYING viscous black potion
  5781 | D:6      | 5781 ||| READING 3 scrolls of identify.
  5781 | D:6      | 5781 ||| IDENTIFYING ruby potion
  5782 | D:6      | 5782 ||| READING 2 scrolls of identify.
  5782 | D:6      | 5782 ||| IDENTIFYING cyan potion
  5783 | D:6      | 5783 ||| DROPPING potion of brilliance.
  5802 | D:7      | 5802 ||| Stepping ~*~*~tactically~*~*~ (outnumbered).
  5803 | D:7      | 5803 ||| Stepping ~*~*~tactically~*~*~ (outnumbered).
  5815 | D:7      | HP: 10/41 [gnoll/+0 spear[a gnoll bouda] (7)]
  5816 | D:7      | Reached XP level 8. HP: 11/46 MP: 10/10
  5816 | D:7      | 5816 ||| READING scroll of teleportation.
  5832 | D:7      | 5832 ||| FLEEEEING.
  5833 | D:7      | 5833 ||| FLEEEEING.
  5834 | D:7      | 5834 ||| STAIRDANCE
  5937 | D:7      | Noticed Maggie
  5947 | D:7      | 5947 ||| INVOKING Heroism.
  5952 | D:7      | Killed Maggie
  5953 | D:7      | Reached skill level 13 in Ranged Weapons
  5997 | D:7      | 5997 ||| INVOKING Heroism.
  6009 | D:7      | 6009 ||| INVOKING Heroism.
  6016 | D:7      | HP: 2/46 [orc/+2 whip of electrocution (20)]
  6018 | D:7      | Slain by an orc warrior

Levels and vault maps discovered:
D:1:      matt_arrival_diagonals, layout_basic, serial_shops,
          nicolae_diamond_shop
D:2:      layout_loops_ring, roderic_lattice_a, hex_large, grunt_ministairs_6
D:3:      layout_loops_corners, minmay_misc_feat_columns,
          minmay_misc_feat_encased, nicolae_titane
D:4:      layout_loops_cross, cheibriados_altar_1
D:5:      layout_layer_cave, nzn_wu_jian_contemplation,
          mainiacjoe_overflow_divided_tiny, minmay_temple_entry_statues_pillars,
          minmay_misc_feat_hallway
D:6:      layout_gridville
D:7:      layout_basic, nicolae_overflow_two_pavilions, kennysheep_path_1,
          uniq_maggie
Temple:   nicolae_temple_figure_eight

Skill      XL: |  1  2  3  4  5  6  7  8 |
---------------+-------------------------+-----
Ranged Weapons | 6 7 8 9 10 12 13 | 13.4
Fighting       | 2 3 |  3.0
Dodging        | 3 |  3.0
Armour         | 1 |  1.2
Stealth        | |  1.2

Action                     |  1- 3 |  4- 6 |  7- 9 || total
---------------------------+-------+-------+-------++-------
   Fire: Shortbow          |   142 |   291 |   131 ||   564
 Invoke: Heroism           |       |       |     6 ||     6
    Use: Scroll            |     3 |     6 |     4 ||    13
         Potion            |     1 |     6 |       ||     7
 Armour: Leather armour    |     4 |       |       ||     4
         Ring mail         |    21 |    54 |    16 ||    91
  Dodge: Dodged            |    41 |   116 |    36 ||   193

Table legend:
 A = Non-vault XP
 B = Vault XP
 C = Vault XP percentage of total XP
 D = Non-vault monster count
 E = Vault monster count
 F = Vault count percentage of total count
                 A         B        C        D         E       F
            +---------+---------+-------+---------+---------+-------
      Total |    1621 |     388 |  19.3 |     126 |       3 |   2.3
            +---------+---------+-------+---------+---------+-------
        D:1 |      46 |       0 |   0.0 |      29 |       0 |   0.0
        D:2 |      60 |       3 |   4.8 |      19 |       2 |   9.5
        D:3 |      49 |       0 |   0.0 |      21 |       0 |   0.0
        D:4 |      66 |       0 |   0.0 |      10 |       0 |   0.0
        D:5 |     444 |       0 |   0.0 |      23 |       0 |   0.0
        D:6 |     751 |       0 |   0.0 |      16 |       0 |   0.0
        D:7 |     205 |     385 |  65.3 |       8 |       1 |  11.1
            +---------+---------+-------+---------+---------+-------
